 Dungeon Crawl Stone Soup version 0.30-a0-168-g0b976cbdc4 (webtiles) character file.

Game seed: 14869190812727877446

6797 KennySheep the Sneak (level 11, -4/64 HPs)
             Began as a Tengu Gladiator on Sept 30, 2022.
             Was a High Priest of Okawaru.
             Slain by a wolf (6 damage)
             ... in a bailey.
             The game lasted 00:25:15 (12916 turns).

KennySheep the Sneak (Tengu Gladiator)             Turns: 12916, Time: 00:25:15

Health: -4/64      AC: 18    Str: 14    XL:     11   Next: 5%
Magic:  25/25      EV: 14    Int:  9    God:    Okawaru [*****.]
Gold:   767        SH:  0    Dex: 20    Spells: 10/10 levels left

rFire   . . .      SeeInvis .    a - +5 scythe "Finisher" {speed, eviscerate}
rCold   . . .      Faith    .    (shield currently unavailable)
rNeg    + . .      Spirit   .    G - +4 chain mail of the Gate {rN+}
rPois   .          Reflect  .    c - +0 hat
rElec   .          Harm     .    x - scarf {+Inv}
rCorr   +          Rampage  .    B - +1 pair of gloves
Will    .....                    (boots unavailable)
Stlth   +++.......               (no amulet)
HPRegen 0.20/turn                z - ring of magical power
MPRegen 0.19/turn                A - ring of resist corrosion

@: about to teleport, heroic, flying quickly and evasively, quick
A: beak, talons 3, nimble flight
a: Renounce Religion, Evoke Invisibility, Heroism, Finesse, Duel


You were in a bailey.
You worshipped Okawaru.
Okawaru was extremely pleased with you.
You visited 1 branch of the dungeon, and saw 10 of its levels.
You also visited: Bailey.

You collected 803 gold pieces.
You spent 36 gold pieces at shops.

Inventory:

Hand Weapons
 a - the +5 scythe "Finisher" (weapon) {speed, eviscerate}
   (You found it on level 8 of the Dungeon)

   Attacks with this weapon are significantly faster.
   It may eviscerate those it strikes, slaying them instantly, with a decreasing
   chance against stronger foes.
 b - the +7 dagger of Quick Death {protect, Int+2}
   (You found it on level 4 of the Dungeon)

   It grants its wielder temporary protection when it strikes (+7 to AC).
   Int:       It affects your intelligence (+2).
 J - a +0 long sword
Missiles
 e - 2 javelins
 f - 8 throwing nets (quivered)
 L - 3 silver javelins
Armour
 c - a +0 hat (worn)
 q - a +0 ring mail
 x - a scarf of invisibility (worn)
 B - a +1 pair of gloves (worn)
 G - the +4 chain mail of the Gate (worn) {rN+}
   (You found it on level 7 of the Dungeon)

   rN:        It protects you from negative energy.
Magical Staves
 M - a staff of conjuration
Jewellery
 u - a ring of wizardry
 z - a ring of magical power (left hand)
 A - a ring of resist corrosion (right hand)
 E - an amulet of magic regeneration
 H - a ring of willpower
 I - a ring of willpower
Wands
 d - a wand of polymorph (10)
 v - a wand of digging (14)
 y - a wand of mindburst (13)
 D - a wand of roots (7)
Scrolls
 g - 2 scrolls of noise
 l - a scroll of vulnerability
 o - 4 scrolls of teleportation
 p - 3 scrolls of blinking
 r - 2 scrolls of amnesia
 s - a scroll of enchant armour
 w - 2 scrolls of brand weapon
 C - a scroll of butterflies
 F - 2 scrolls of magic mapping
Potions
 h - 9 potions of curing
 i - a potion of resistance
 j - a potion of berserk rage {unknown}
 m - 2 potions of brilliance
 n - 2 potions of degeneration
 t - 2 potions of lignification {unknown}
 K - 2 potions of flight {unknown}


   Skills:
 - Level 5.5(10.5) Fighting
 - Level 7.1(12.7) Short Blades
 - Level 4.4(11.4) Long Blades
 * Level 6.9(11.9) Polearms
 - Level 2.0(7.0) Throwing
 - Level 5.2(10.2) Armour
 - Level 6.6(11.6) Dodging
 - Level 7.9(12.9) Stealth
 + Level 6.2 Invocations


You had 10 spell levels left.
You didn't know any spells.
Your spell library contained the following spells:

 Spells                   Type           Power      Damage    Failure   Level
 Kiss of Death            Conj/Necr      0%         2d5       99%         1
 Necrotise                Necr           0%         1d4       99%         1
 Shock                    Conj/Air       0%         1d3       99%         1
 Confusing Touch          Hex            0%         N/A       100%        3
 Hailstorm                Conj/Ice       0%         3d3       100%        3
 Ignite Poison            Fire/Tmut/Pois 0%         N/A       100%        3
 Ozocubu's Armour         Ice            0%         N/A       100%        3
 Portal Projectile        Hex/Tloc       0%         N/A       100%        3
 Swiftness                Air            0%         N/A       100%        3
 Vampiric Draining        Necr           0%         2d6       100%        3
 Airstrike                Air            0%         2d(0-16)  100%        4
 Dispel Undead            Necr           0%         3d6       100%        4
 Ice Form                 Ice/Tmut       0%         N/A       100%        4
 Leda's Liquefaction      Hex/Erth       0%         N/A       100%        4
 Sticky Flame             Conj/Fire      0%         2d3       100%        4
 Agony                    Necr           0%         N/A       100%        5
 Blade Hands              Tmut           0%         N/A       100%        5
 Ozocubu's Refrigeration  Ice            0%         4d7       100%        7
 Ignition                 Fire           0%         3d3       100%        8
 Call Canine Familiar     Summ           Unusable   N/A       N/A         3
 Tukima's Dance           Hex            Unusable   N/A       N/A         3
 Simulacrum               Ice/Necr       Unusable   N/A       N/A         6

Dungeon Overview and Level Annotations

Branches:
Dungeon (10/15)            Temple (0/1) D:5             Orc (0/2) D:10
 Bailey (1/1)
   Lair: D:8-11

Altars:
Dithmenos
Elyvilon
Fedhas
Gozag
Kikubaaqudgha
Okawaru
Ru
Sif Muna
Xom
Zin
The Shining One

Shops:
D:2 !

Annotations:
D:4 3 runed translucent doors, Juicyj's ghost, novice DjNe


Innate Abilities, Weirdness & Mutations

You have a beak for a mouth.
You have claws for feet.
Your magical nature lets you fly swiftly and evasively.


Message History

A wolf comes into view.
The gnoll sergeant hits you from afar with a +0 glaive.
The gnoll sergeant hits you from afar with a +0 halberd.
You reach to attack!
You puncture the gnoll sergeant!
The gnoll sergeant is almost dead.
The gnoll sergeant hits you from afar with a +0 glaive!
The gnoll throws a throwing net.
The throwing net hits you.
You become entangled in the net!
The gnoll sergeant hits you from afar with a +0 halberd.
* * * LOW HITPOINT WARNING * * *
You struggle against the net.
The gnoll sergeant hits you from afar with a +0 glaive!
* * * LOW HITPOINT WARNING * * *
The gnoll sergeant hits you but does no damage.
The gnoll barely misses you.
You feel much better.
The gnoll sergeant hits you from afar with a +0 glaive!
The gnoll sergeant closely misses you.
The gnoll hits you from afar with a +0 spear.
You struggle against the net.
The gnoll sergeant closely misses you. The gnoll hits you but does no damage.
The gnoll sergeant hits you from afar with a +0 halberd.
* * * LOW HITPOINT WARNING * * *
You struggle against the net.
The gnoll sergeant hits you but does no damage.
The gnoll sergeant closely misses you. The gnoll hits you but does no damage.
You rip the net and break free!
The gnoll sergeant hits you from afar with a +0 glaive!
* * * LOW HITPOINT WARNING * * *
The gnoll sergeant completely misses you.
The gnoll barely misses you.
There is an open door here.
Things that are here:
a +0 halberd; a +0 plate armour
Items here: )) [[ ÷.
As you read the scroll of teleportation, it crumbles to dust.
You feel strangely unstable. The wolf bites you.
* * * LOW HITPOINT WARNING * * *
The wolf bites you.
You die...

♣♣♣♣♣♣♣♣♣♣♣♣♣♣♣♣♣♣♣♣♣♣♣
♣♣≈≈≈≈≈≈≈≈≈≈≈≈≈≈≈≈≈≈≈≈≈♣♣
♣≈≈...#############...≈≈♣♣
♣≈...##.8...#...8.###..≈.♣
♣≈..##....)÷#.....#.#..≈.♣♣
♣≈..#...)h@.'.....#(#..≈..♣
♣≈..#....)#####...#.#..≈...
♣≈..#..g.##...##..'.#..≈...
♣≈..##g###.....######..≈...
♣≈...gg.#......)#...'......
♣≈......)...8..)'...'......
♣≈.....†#......)#...'......
♣≈..##g###.....######..≈...
♣≈..#..) ##...## #..≈..♣


You could see a gnoll sergeant, a wolf and 2 gnolls.

Vanquished Creatures
  A skeletal warrior (D:8)
  A cyclops (D:8)
  A hornet (D:8)
  Prince Ribbit (D:6)
  Sigmund (D:6)
  A shadow (D:9)
  3 wraiths (D:8)
  2 steam dragons
  Duvessa (D:6)
  A water moccasin (D:8)
  2 black bears
  3 orc warriors
  4 ice beasts
  A sky beast (D:8)
  A centaur (D:9)
  6 wolves (Bailey)
  A phantom (D:5)
  4 kobold brigands
  A bullfrog (D:8)
  A necrophage (D:6)
  7 gnoll sergeants
  5 scorpions (D:5)
  4 wights (D:8)
  Dowan (D:6)
  3 howler monkeys
  3 hounds
  7 gnoll boudas
  6 orc priests
  Jessica (D:3)
  2 iguanas
  Ijyb (D:3)
  9 orc wizards
  Terence (D:3)
  22 gnolls
  12 adders
  2 shadow imps
  4 white imps
  An ufetubus (D:6)
  3 worms
  2 dart slugs (D:1)
  21 orcs
  3 endoplasms
  8 goblins
  3 hobgoblins (D:1)
  3 quokkas
  8 ball pythons
  5 bats
  2 frilled lizards
  17 kobolds
  5 rats
208 creatures vanquished.

Vanquished Creatures (others)
  18 plants (D:5)
18 creatures vanquished.

Grand Total: 226 creatures vanquished

Notes
Turn   | Place    | Note
-------+----------+-------------------------------------------
     0 | D:1      | KennySheep the Tengu Gladiator began the quest for the Orb.
     0 | D:1      | Reached XP level 1. HP: 12/12 MP: 2/2
   225 | D:1      | Found a faded altar of an unknown god.
   234 | D:1      | Reached XP level 2. HP: 17/17 MP: 3/3
   234 | D:1      | Prayed at the altar of an unknown god.
   234 | D:1      | Became a worshipper of Warmaster Okawaru
   234 | D:1      | Reached * piety under Okawaru
   936 | D:1      | Reached XP level 3. HP: 19/21 MP: 4/4
  1591 | D:2      | Found Vuevacwo's Distillery.
  1849 | D:2      | Reached skill level 1 in Stealth
  1849 | D:2      | Reached XP level 4. HP: 16/27 MP: 5/5
  2789 | D:2      | Bought a potion of curing for 36 gold pieces
  2880 | D:3      | Noticed Ijyb
  2968 | D:3      | Killed Ijyb
  2969 | D:3      | Reached skill level 1 in Invocations
  3070 | D:4      | Gained mutation: Your magical nature lets you fly swiftly
                  | and evasively. [Tengu growth]
  3070 | D:4      | Reached XP level 5. HP: 15/31 MP: 6/6
  3278 | D:4      | Identified the +7 dagger of Quick Death {protect, Int+2}
  3319 | D:3      | Noticed Jessica
  3329 | D:3      | Killed Jessica
  3448 | D:3      | Reached skill level 1 in Armour
  3663 | D:3      | Found a shimmering blue altar of Sif Muna.
  3693 | D:3      | Found a sacrificial altar of Ru.
  3775 | D:3      | Noticed Terence
  3788 | D:3      | Killed Terence
  3789 | D:3      | Reached skill level 1 in Short Blades
  3906 | D:4      | Found an iron altar of Okawaru.
  4170 | D:4      | Found a runed translucent gate.
  4171 | D:4      | Found a runed translucent gate.
  4172 | D:4      | Found a runed translucent gate.
  4173 | D:4      | Noticed Juicyj's ghost (novice DjNe)
  4177 | D:4      | Identified the +8 short sword of Paper {holy, Fragile rElec
                  | Will+++ Dex+4}
  4230 | D:4      | Reached XP level 6. HP: 36/37 MP: 8/8
  4454 | D:5      | Entered Level 5 of the Dungeon
  4505 | D:5      | Reached ** piety under Okawaru
  4692 | D:5      | Noticed an ice beast
  4705 | D:5      | Killed an ice beast
  4728 | D:5      | Reached XP level 7. HP: 23/41 MP: 9/9
  5188 | D:5      | Reached *** piety under Okawaru
  5280 | D:5      | Found a staircase to the Ecumenical Temple.
  5308 | D:5      | Found an ancient bone altar of Kikubaaqudgha.
  5502 | D:5      | Reached XP level 8. HP: 48/48 MP: 10/10
  5717 | D:6      | Noticed Duvessa
  5717 | D:6      | Noticed Dowan
  5734 | D:6      | Killed Duvessa
  5775 | D:6      | Killed Dowan
  5776 | D:6      | Reached skill level 5 in Dodging
  6137 | D:6      | Received a gift from Okawaru
  6150 | D:6      | Reached skill level 5 in Stealth
  6417 | D:6      | Noticed Prince Ribbit
  6429 | D:6      | Killed Prince Ribbit
  6430 | D:6      | Reached skill level 5 in Short Blades
  6430 | D:6      | Reached **** piety under Okawaru
  6749 | D:6      | Noticed Sigmund
  6774 | D:6      | Killed Sigmund
  6775 | D:6      | Reached XP level 9. HP: 29/52 MP: 12/12
  7452 | D:7      | Found an opulent altar of Gozag.
  7455 | D:7      | Found a blossoming altar of Fedhas.
  7754 | D:7      | Identified the +4 chain mail of the Gate {rN+}
  7963 | D:7      | Found a glowing golden altar of the Shining One.
  7986 | D:7      | Found a glowing silver altar of Zin.
  7993 | D:7      | Found a white marble altar of Elyvilon.
  8135 | D:7      | Found a shimmering altar of Xom.
  8570 | D:8      | Noticed a skeletal warrior
  8579 | D:8      | Killed a skeletal warrior
  8580 | D:8      | Reached skill level 5 in Fighting
  8812 | D:8      | Found the +5 scythe "Finisher" {speed, eviscerate}
  8867 | D:8      | Reached ***** piety under Okawaru
  9185 | D:8      | Noticed a hornet
  9200 | D:8      | Paralysed by a hornet for 1 turns
  9202 | D:8      | Killed a hornet
  9203 | D:8      | Reached XP level 10. HP: 25/59 MP: 14/14
  9205 | D:8      | Noticed a cyclops
  9514 | D:8      | Reached skill level 5 in Armour
  9565 | D:8      | Killed a cyclops
  9898 | D:8      | Reached skill level 1 in Polearms
 10344 | D:8      | Reached skill level 5 in Invocations
 11551 | D:9      | Found a shadowy altar of Dithmenos.
 11558 | D:9      | Reached skill level 5 in Polearms
 11793 | D:10     | Entered Level 10 of the Dungeon
 11850 | D:10     | Found a flagged portal.
 11874 | Bailey   | Entered a bailey
 12584 | Bailey   | Received a gift from Okawaru
 12604 | Bailey   | Reached XP level 11. HP: 19/64 MP: 16/16
 12916 | Bailey   | HP: 2/64 [wolf (5)]
 12916 | Bailey   | Slain by a wolf

Illustrated notes

Levels and vault maps discovered:
D:1:      eino_arrival_tree_alley, layout_basic,
          nicolae_ecumenical_snake_handling
D:2:      layout_basic, serial_shops, nicolae_diamond_shop
D:3:      layout_basic, nicolae_ru_the_path_less_chosen, led_sif_pool,
          nicolae_wormholes, uniq_jessica, uniq_ijyb, uniq_terence
D:4:      minmay_chambers_of_twos, layout_loops_cross,
          mainiacjoe_overflow_alcove_4, biasface_ghost_orc_armoury, uniq_robin
D:5:      layout_basic, lemuel_round_altar, minmay_temple_entry_antechambers,
          serial_bayou, serial_bayou_shore_b, serial_bayou_ford_a,
          serial_bayou_shore_a, serial_bayou_crossing
D:6:      layout_basic, due_unseen_surprise, uniq_duvessa, uniq_sigmund,
          uniq_prince_ribbit1
D:7:      layout_basic, dreamdust_divine_triumvirate, xom_teletrap_fun,
          minitemple
D:8:      hangedman_cross_stitches, layout_loops_corners,
          amcnicky_mini_corridor_feature, minmay_guarded_unrand_finisher
D:9:      layout_loops_ring, grunt_dithmenos_shadows
D:10:     hellmonk_ruined_rings, layout_irregular_city, lemuel_round_altar,
          nicolae_vehumet_altar_sigil, enter_bailey_5
Bailey:   bailey_polearm_gnolls_kennysheep, bailey

Skill      XL: |  1  2  3  4  5  6  7  8  9 10 |
---------------+-------------------------------+-----
Long Blades    | 4 |  4.4
Stealth        | 1 2 3 4 5 7 |  7.9
Invocations    | 1 2 3 4 6 |  6.2
Dodging        | 4 5 6 |  6.6
Armour         | 1 2 3 4 5 |  5.2
Short Blades   | 1 2 3 5 7 |  7.1
Fighting       | 3 4 5 |  5.5
Polearms       | 6 |  6.9
Throwing       | |  2.0

Action                   |  1- 3 |  4- 6 |  7- 9 | 10-12 || total
-------------------------+-------+-------+-------+-------++-------
Melee: Long sword        |    67 |    17 |       |       ||    84
       Kick              |    18 |    29 |   103 |    71 ||   221
       Peck              |     6 |    21 |    67 |    48 ||   142
       Punch             |     1 |     1 |     5 |     4 ||    11
       Dagger            |       |    83 |   292 |   127 ||   502
       Scythe            |       |       |       |   187 ||   187
Throw: Throwing net      |       |     3 |       |       ||     3
       Javelin           |       |       |     2 |       ||     2
Invok: Heroism           |       |     1 |     8 |     4 ||    13
       Finesse           |       |       |       |     1 ||     1
Evoke: Wand              |       |       |     1 |       ||     1
  Use: Scroll            |       |     4 |       |     7 ||    11
       Potion            |       |     3 |     3 |     2 ||     8
 Stab: Sleeping          |     2 |     1 |     5 |       ||     8
       Distracted        |       |       |     1 |     1 ||     2
Armor: Leather armour    |    35 |       |       |       ||    35
       Ring mail         |       |    21 |    62 |       ||    83
       Chain mail        |       |       |     8 |   138 ||   146
Dodge: Dodged            |    32 |    46 |   182 |   182 ||   442

Table legend: (Time is in decaauts)
 A = Elapsed time spent in this place.
 B = Non-inter-level travel time spent in this place.
 C = Inter-level travel time spent in this place.
 D = Time resting spent in this place.
 E = Time spent auto-exploring this place.
 F = Levels seen in this place.
 G = Mean time per level.
                   A        B        C        D        E       F      G
               +--------+--------+--------+--------+--------+-----+--------+
         Total |  12304 |  11932 |    372 |   3352 |   6885 |  11 | 1118.5 |
       Dungeon |  11296 |  10924 |    372 |   2654 |   6816 |  10 | 1129.6 |
        Bailey |   1007 |   1007 |      0 |    698 |     68 |   1 | 1007.0 |
               +--------+--------+--------+--------+--------+-----+--------+

Top non-repeatable levels by time:
     D:8: 2050 daAuts
     D:1: 1495 daAuts
     D:6: 1413 daAuts
     D:2: 1374 daAuts
     D:9: 1201 daAuts
     D:5: 1169 daAuts
     D:7: 1022 daAuts
  Bailey: 1007 daAuts
     D:3: 759 daAuts
     D:4: 734 daAuts
    D:10: 76 daAuts
